 Dungeon Crawl Stone Soup version 0.26-a0-651-gb41185065b (webtiles) character file.

Game seed: 10129965719042111278

(classic levelgen) 65 EnegeticOcto the Sneak (level 3, 33/33 HPs)
             Began as a Deep Dwarf Delver on Oct 23, 2020.
             Quit the game on level 7 of the Dungeon.
             The game lasted 00:01:10 (166 turns).

EnegeticOcto the Sneak (Deep Dwarf Delver)           Turns: 166, Time: 00:01:11

Health: 33/33      AC:  3    Str: 15    XL:     3   Next: 92%
Magic:  3/3        EV: 12    Int: 11    God:
Gold:   7          SH:  0    Dex: 14    Spells: 2/2 levels left

rFire    . . .     SeeInvis .   h - +1 dagger (vamp)
rCold    . . .     Faith    .   (no shield)
rNeg     . . .     Spirit   .   b - +0 leather armour
rPois    .         Reflect  .   (no helmet)
rElec    .         Harm     .   (no cloak)
rCorr    .         Rampage  .   (no gloves)
MR       .....                  (no boots)
Stlth    +++.......             (no amulet)
HPRegen  0.00/turn              (no ring)
MPRegen  0.08/turn              (no ring)

@: mildly poisoned (33 -> 33), non-regenerating
A: damage resistance, heal wounds, sense surroundings 1, no regeneration
a: Heal Wounds


You were on level 7 of the Dungeon.
You visited 1 branch of the dungeon, and saw 3 of its levels.

You collected 7 gold pieces.

Inventory:

Hand Weapons
 a - a +0 hand axe
 h - a +1 vampiric dagger (weapon)
Armour
 b - a +0 leather armour (worn)
Wands
 g - a wand of digging (3) {@v3}
Scrolls
 c - a scroll of fog
 e - a scroll of fear
Potions
 f - a potion of haste {@q4}


   Skills:
 - Level 2.6 Fighting
 + Level 3.2 Short Blades
 - Level 2.3 Axes
 - Level 2.1 Dodging
 - Level 6.0 Stealth


You had 2 spell levels left.
You didn't know any spells.
Your spell library was empty.

Dungeon Overview and Level Annotations

Branches:
Dungeon (7/15)
 Temple: D:4-7

Altars:
Nemelex Xobeh

Shops:
D:6 (


Innate Abilities, Weirdness & Mutations

You are resistant to damage.
You can heal yourself by infusing magical energy.
You passively map a small area around you.
You do not regenerate.


Message History

You completely miss the scorpion. The scorpion barely misses you.
You closely miss the scorpion. The scorpion barely misses you.
You hit the scorpion but do no damage. You hit the scorpion but do no damage.
The scorpion closely misses you.
You hit the scorpion but do no damage. The scorpion misses you.
You hit the scorpion.
You feel better.
The scorpion is lightly wounded.
The scorpion closely misses you.
You hit the scorpion but do no damage.
The scorpion is lightly wounded.
The scorpion stings you.
You are more poisoned.
The scorpion poisons you!
You hit the scorpion but do no damage.
The scorpion is lightly wounded.
The scorpion stings you.
You completely miss the scorpion.
The scorpion is lightly wounded.
The scorpion stings you but does no damage.
You hit the scorpion.
You feel better.
The scorpion is lightly wounded.
The scorpion closely misses you.
You barely miss the scorpion.
The scorpion is lightly wounded.
The scorpion stings you but does no damage.
You hit the scorpion but do no damage.
The scorpion is lightly wounded.
The scorpion stings you.
You hit the scorpion but do no damage.
The scorpion is lightly wounded.
You hit the scorpion but do no damage.
The scorpion is lightly wounded.
The scorpion barely misses you.
You hit the scorpion but do no damage.
The scorpion is lightly wounded.
The scorpion barely misses you.
You hit the scorpion but do no damage.
The scorpion is lightly wounded.
The scorpion closely misses you.
You feel much better. The scorpion barely misses you.
You hit the scorpion.
The scorpion is moderately wounded.
The scorpion stings you!
You hit the scorpion.
The scorpion is moderately wounded.
The scorpion closely misses you.
You hit the scorpion but do no damage.
The scorpion is moderately wounded.
The scorpion barely misses you.
You hit the scorpion.
The scorpion is severely wounded.
The scorpion barely misses you.
You hit the scorpion.
You feel better.
The scorpion is severely wounded.
The scorpion closely misses you.
You closely miss the scorpion.
The scorpion is severely wounded.
The scorpion stings you.
You hit the scorpion.
The scorpion is almost dead.
The scorpion barely misses you.
You hit the scorpion but do no damage.
The scorpion is almost dead.
You hit the scorpion.
You feel better.
The scorpion is almost dead.
The scorpion closely misses you.
You barely miss the scorpion.
The scorpion is almost dead.
The scorpion stings you!
You are more poisoned.
The scorpion poisons you!
You barely miss the scorpion.
The scorpion is almost dead.
The scorpion stings you.
You closely miss the scorpion.
The scorpion is almost dead.
The scorpion closely misses you.
You hit the scorpion.
You feel better.
You kill the scorpion!
Your Short Blades skill gained 2 levels and is now at level 3!
You have reached level 3!
Your experience leads to an increase in your attributes!
Increase (s)trength, (i)ntelligence, or (d)exterity?
You feel clever.
You fail to use your ability.
You fail to use your ability.
You feel much better.
There is an escape hatch in the floor here.
You slide downwards.
The hatch slams shut behind you.
A bullfrog comes into view.
Found 23 stones, a scroll labeled GUKOCH PADA and 36 gold pieces.
Found a stone staircase leading up.
There is a stone staircase leading up here.
You climb upwards.
There is a stone staircase leading down here.
You climb downwards.
There is a stone staircase leading up here.
As you read the scroll of magic mapping {@r5}, it crumbles to dust.
You feel aware of your surroundings.
Are you sure you want to abandon this character and quit the game? (Confirm with "yes".)

**,,,,,,,,.F,..,,,,,,,,,,*
*,,,,*,*,#.*.#,,,,,,,,,,*
******,,,,*,*,#.*.#,,,,,,,,,,****
,≈≈≈,,,,,,*,*,#?*.#,,,,*****,,,,*
******,,,,*,#,#.*.#,#*,,* ****,*
*,,,,.#.#.#.#.#.#**,*******,,
*,,,,...........# *,,,,,,,,,,
*,,,,......#.#(.####********,
******,,,.....*#@.......,* **
,,,,,,,,,....**#....$...,* *
****,****###,* #.S......,* *,*
*,* #..$.....,* *,* *,*
#........,* *,* *,* #........,*
**,* *,* #........,**** *,,* *,*
#........,,,,*** *,,**
*,***,,,,,,,,**,,,,***


You could see an adder.

Vanquished Creatures
  A scorpion (D:6)
  A hound skeleton (D:6)
  A quokka (D:6)
  A jackal zombie (D:6)
4 creatures vanquished.

Notes
Turn   | Place    | Note
-------+----------+-------------------------------------------
     0 | D:5      | EnegeticOcto the Deep Dwarf Delver began the quest for the
                  | Orb.
     0 | D:5      | Reached XP level 1. HP: 20/20 MP: 1/1
    37 | D:6      | Found a sparkling altar of Nemelex Xobeh.
    41 | D:6      | Found Wudol's Antique Weapon Shoppe.
    72 | D:6      | Reached skill level 1 in Short Blades
    72 | D:6      | Reached XP level 2. HP: 27/27 MP: 2/2
   101 | D:6      | Noticed a scorpion
   142 | D:6      | Killed a scorpion
   142 | D:6      | Reached XP level 3. HP: 15/33 MP: 3/3
   158 | D:7      | Noticed a bullfrog
   166 | D:7      | Quit the game

Illustrated notes

Levels and vault maps discovered:
D:5:      layout_basic, minmay_temple_entry_statues, fedhas_altar_fruit_tree
D:6:      layout_layer_cave, nicolae_ru_the_path_less_chosen,
          nemelex_xobeh_ov_fountains_minmay, serial_undead, serial_undead_c,
          serial_undead_a, serial_undead_b, serial_undead_f, serial_undead_b,
          serial_undead_e, serial_undead_c, serial_undead_b, serial_shops, shop,
          kennysheep_opposing_triangles
D:7:      layout_rooms, minmay_misc_feat_rows, hangedman_glass_teeth,
          minivault_24, corexii_corridor_pit

Skill      XL: |  1  2 |
---------------+-------+-----
Short Blades   | 1 3 |  3.2
Fighting       | |  2.6
Axes           | |  2.3
Dodging        | |  2.1
Stealth        | |  6.0

Action                   || total
-------------------------++-------
Melee: Dagger            ||    44
 Abil: Heal Wounds       ||     2
  Use: Scroll            ||     1
 Stab: Sleeping          ||     2
Armor: Leather armour    ||     6
Dodge: Dodged            ||    24

Table legend: (Time is in decaauts)
 A = Elapsed time spent in this place.
 B = Non-inter-level travel time spent in this place.
 C = Inter-level travel time spent in this place.
 D = Time resting spent in this place.
 E = Time spent auto-exploring this place.
 F = Levels seen in this place.
 G = Mean time per level.
                   A        B        C        D        E       F      G
               +--------+--------+--------+--------+--------+-----+--------+
         Total |    162 |    162 |      0 |      0 |      0 |   3 |   54.0 |
       Dungeon |    162 |    162 |      0 |      0 |      0 |   3 |   54.0 |
               +--------+--------+--------+--------+--------+-----+--------+

Top non-repeatable levels by time:
     D:6: 151 daAuts
     D:7: 6 daAuts
     D:5: 5 daAuts
